 Dungeon Crawl Stone Soup version 0.28-a0-382-g33c4956463 (webtiles) character file.

Game seed: 1856543887583005680

59626 Mizzrym the Bludgeoner (level 14, -16/135 HPs)
             Began as a Minotaur Berserker on Sept 2, 2021.
             Was a High Priest of Trog.
             Killed from afar by a bog body (24 damage)
             ... with a bolt of cold
             ... on level 1 of the Swamp.
             The game lasted 01:34:35 (15855 turns).

Mizzrym the Bludgeoner (Minotaur Berserker)        Turns: 15855, Time: 01:34:36

Health: -16/135    AC: 21    Str: 26    XL:     14   Next: 53%
Magic:  13/13      EV:  6    Int:  4    God:    Trog [*****.]
Gold:   1448       SH: 30    Dex: 11    Spells: 13/13 levels left

rFire   . . .      SeeInvis .   G - +4 flail (freeze)
rCold   . . .      Faith    .   Q - +18 shield of the Gong {rElec rN+ Will+ EV-5}
rNeg    + . .      Spirit   .   c - +1 scale mail {rPois}
rPois   +          Reflect  .   (helmet restricted)
rElec   +          Harm     .   F - +2 cloak {Will+}
rCorr   .          Rampage  .   (no gloves)
Will    +++..                   W - +1 pair of boots
Stlth   ..........              w - amulet of regeneration
HPRegen 1.32/turn               u - ring of flight
MPRegen 0.13/turn               A - +4 ring of protection

@: on berserk cooldown, flying, slowed, very slow
A: horns 2, retaliatory headbutt
a: Renounce Religion, Berserk, Trog's Hand, Brothers in Arms


You were on level 1 of the Swamp.
You worshipped Trog.
Trog was extremely pleased with you.
You visited 4 branches of the dungeon, and saw 17 of its levels.

You collected 1448 gold pieces.

Inventory:

Hand Weapons
 d - a +4 mace
 r - a +5 dire flail
 G - a +4 flail of freezing (weapon)
 I - a +1 morningstar of distortion
 L - a +2 antimagic flail
 N - a +1 morningstar of flaming
Missiles
 O - a throwing net (quivered)
Armour
 c - a +1 scale mail of poison resistance (worn)
 m - the +4 chain mail of the Little Devil {Dex+7}
   (You found it on level 6 of the Dungeon)

   Dex:       It affects your dexterity (+7).
 F - a +2 cloak of willpower (worn)
 K - a +2 plate armour of cold resistance
 M - a +1 ring mail of fire resistance
 Q - the +18 shield of the Gong (worn) {rElec rN+ Will+ EV-5}
   (You found it on level 10 of the Dungeon)

   It is deafeningly noisy when blocking attacks.
   EV:        It affects your evasion (-5).
   rElec:     It insulates you from electricity.
   rN:        It protects you from negative energy.
   Will:      It increases your willpower.
 U - the +1 ring mail "Iretocy" {-Cast Harm +Inv Str+3 Dex+3}
   (You found it on level 1 of the Lair of Beasts)

   Str:       It affects your strength (+3).
   Dex:       It affects your dexterity (+3).
   +Inv:      It lets you turn invisible.
   -Cast:     It prevents spellcasting.
   Harm:      It increases damage dealt and taken.
 W - a +1 pair of boots (worn)
Jewellery
 s - a +6 ring of dexterity
 u - a ring of flight (left hand)
 w - an amulet of regeneration (around neck)
 A - a +4 ring of protection (right hand)
 P - a ring of positive energy
 S - a ring of willpower
 X - an amulet of reflection
Wands
 a - a wand of digging (2)
 f - a wand of mindburst (2)
 q - a wand of iceblast (9)
 J - a wand of charming (22)
 T - a wand of acid (8)
Scrolls
 g - 2 scrolls of magic mapping {unknown}
 h - a scroll of fear {unknown}
 k - 2 scrolls of enchant armour {unknown}
 n - 2 scrolls of blinking
 o - 4 scrolls of teleportation
 v - 3 scrolls of enchant weapon {unknown}
 x - 2 scrolls of silence {unknown}
 y - 3 scrolls of immolation {unknown}
 B - 3 scrolls of holy word
 C - a scroll of vulnerability {unknown}
 D - 4 scrolls of fog
 H - a scroll of torment {unknown}
 V - a scroll of brand weapon {unknown}
 Y - a scroll of summoning {unknown}
Potions
 b - 2 potions of lignification {unknown}
 e - 2 potions of berserk rage {unknown}
 i - 2 potions of mutation {unknown}
 j - 4 potions of haste
 l - 8 potions of curing
 p - 2 potions of cancellation {unknown}
 t - 2 potions of flight {unknown}
 z - 2 potions of invisibility
 E - 5 potions of attraction {unknown}
 R - 2 potions of might {unknown}
 Z - a potion of heal wounds


   Skills:
 - Level 15.1 Fighting
 - Level 16.9 Maces & Flails
 - Level 13.9 Armour
 - Level 2.1 Dodging
 - Level 2.0 Stealth
 + Level 14.1 Shields


You had 13 spell levels left.
You didn't know any spells.
Your spell library was empty.

Dungeon Overview and Level Annotations

Branches:
Dungeon (11/15)            Temple (0/1) D:5            Lair (3/6) D:11
  Swamp (1/4) Lair:2        Snake (0/4) Lair:3          Orc (2/2) D:9
    Elf (0/3) Orc:2

Altars:
Fedhas
Gozag
Qazlal
Trog
Xom
Beogh

Shops:
D:9 (   Orc:2 :?[[

Annotations:
D:7 2 transporters, Gargoyl's ghost, novice GnAK
Orc:2 3 runed translucent doors, exclusion: obsidian statue, feta's ghost, journeyman DDNe


Innate Abilities, Weirdness & Mutations

You have a pair of horns on your head.
You reflexively headbutt those who attack you in melee.


Message History

You hit the shambling mangrove. You freeze the shambling mangrove.
You destroy the shambling mangrove!
Trog accepts your kill.
You start resting.
An eleionoma comes into view.
A bog body comes into view.
The eleionoma flows through the trees.
The eleionoma hurls a spray of splinters at you.
The spray of wooden splinters hits you!!
You hit the eleionoma but do no damage. The eleionoma hits you!
You closely miss the eleionoma. You headbutt the eleionoma!
The eleionoma is lightly wounded.
You hit the eleionoma. You freeze the eleionoma.
The eleionoma is moderately wounded.
The eleionoma hurls a spray of splinters at you.
The spray of wooden splinters hits you!!!
* * * LOW HITPOINT WARNING * * *
A red film seems to cover your vision as you go berserk!
You feel yourself moving faster!
You feel mighty! You block the eleionoma's attack.
GONNNNG!
You hear a roar!
You bludgeon the eleionoma!! You freeze the eleionoma.
You headbutt the eleionoma.
The eleionoma is severely wounded.
The bog body casts a spell at you. The bolt of cold hits you!!!
* * * LOW HITPOINT WARNING * * *
You block the eleionoma's attack.
SHROANNG!
You bludgeon the eleionoma!! You freeze the eleionoma!
You kill the eleionoma!
Trog accepts your kill.
Your Shields skill increases to level 14!
You feel a strong urge to attack something.
You feel your anger nearly subside.
You are no longer berserk.
You are exhausted.
You feel yourself slow down. The bog body casts a spell at you.
The bolt of cold hits you!!
You die...

♣♣..≈≈≈§.♣ ♣.§≈≈§≈≈..≈≈.♣♣
♣§§≈≈≈≈≈.♣ ♣≈.≈.....≈≈≈≈.♣
♣♣.≈≈≈≈≈≈.♣♣ ♣♣≈..<..≈≈≈≈≈.♣
♣...≈§≈≈§≈.♣♣♣♣♣ ♣.≈≈≈≈≈≈≈§≈≈.♣
♣....≈≈≈≈≈≈≈♣♣§♣♣♣.≈≈≈§≈≈§≈≈..†
♣....≈≈.≈n)♣..♣♣.≈≈≈≈≈≈≈≈≈..≈
♣≈≈♣♣.....≈.♣≈≈.♣≈..§≈≈≈≈≈≈..§
♣♣ ♣≈≈.....○.≈≈.....§≈≈.≈≈.≈≈
♣♣♣♣≈.≈♣.@...≈≈≈≈§....≈♣♣.
♣♣♣♣♣♣≈....≈≈≈≈≈≈≈♣♣♣♣♣
♣♣≈≈..≈...≈.♣♣ ♣♣♣≈♣♣♣....♣
♣♣..≈....♣ .♣.≈♣.♣♣ ≈.♣♣♣♣♣♣ ♣♣


You could see a bog body.

Vanquished Creatures
  An orc warlord (Orc:2)
  3 eleionomae (Swamp:1)
  A shambling mangrove (Swamp:1)
  A boulder beetle (D:11)
  A centaur warrior (D:9)
  6 hydras
  An alligator (Swamp:1)
  6 two-headed ogres
  A tengu warrior (D:9)
  Nergalle (D:11)
  5 orc high priests (Orc:2)
  A goliath frog (Swamp:1)
  The ghost of Vbesf the Shield-Bearer, a novice GnWn (D:8)
  5 orc knights (Orc:2)
  The ghost of feta the Geomancer, a novice GrEE of Makhleb (D:8)
  A bog body (Swamp:1)
  An ugly thing (D:9)
  A will-o-the-wisp (Swamp:1)
  2 orc sorcerers (Orc:2)
  4 cyclopes
  5 black mambas
  2 vault sentinels (D:10)
  Maurice (D:9)
  4 elephants (Lair:3)
  6 cane toads
  A torpor snail (Lair:2)
  Maggie (D:9)
  5 komodo dragons
  2 kobold demonologists (D:8)
  A freezing wraith (D:9)
  An unseen horror (D:11)
  An efreet (D:9)
  6 trolls
  4 hornets
  Grinder (D:6)
  Prince Ribbit (D:8)
  3 dream sheep
  A blink frog (Lair:3)
  21 yaks
  3 shadows
  A basilisk (Lair:2)
  Grum (D:9)
  A wraith (D:11)
  4 wyverns
  Eustachio (D:6)
  A vampire mosquito (Swamp:1)
  A warg (Orc:2)
  A steam dragon (D:9)
  Menkaure (D:6)
  An acid dragon (D:9)
  A swamp worm (Swamp:1)
  18 water moccasins
  3 ice beasts
  37 orc warriors
  A swamp drake (Lair:2)
  A black bear (D:4)
  A hornet zombie (D:9)
  A wolf (shapeshifter) (D:9)
  A necrophage (D:5)
  3 centaurs
  7 ogres
  16 wolves
  A phantom (D:6)
  The ghost of Conn the Firebug, an amateur OpFE (D:3)
  2 kobold brigands
  15 bullfrogs
  2 gnoll sergeants
  4 scorpions
  14 killer bees
  A water moccasin skeleton (D:4)
  9 wights
  5 electric eels (Lair:3)
  3 howler monkeys
  3 hounds
  8 centaur zombies
  A jelly (D:4)
  A gnoll shaman (D:10)
  3 bullfrog skeletons (D:5)
  21 orc priests
  Terence (D:2)
  3 iguanas
  12 orc wizards
  2 howler monkey zombies (D:9)
  8 adders
  9 gnolls
  2 shadow imps (D:5)
  3 white imps
  2 worms
  3 dart slugs
  80 orcs
  4 ball pythons
  4 bats
  9 endoplasms
  A giant cockroach (D:1)
  4 goblins
  11 hobgoblins
  13 jackals
  25 kobolds
  A quokka (D:3)
  A frilled lizard (D:3)
  5 rats
514 creatures vanquished.

Vanquished Creatures (collateral kills)
  An orc high priest (Orc:2)
  A spriggan druid (Swamp:1)
  A hornet (Swamp:1)
  4 spriggans (Swamp:1)
  A wraith (D:10)
  2 vampire mosquitoes (Swamp:1)
  3 orc warriors
  2 orc priests
  3 orcs
18 creatures vanquished.

Vanquished Creatures (others)
  An iguana (Lair:2)
  An orc (Orc:2)
  4 foxfires (Swamp:1)
  16 fungi
  89 plants
111 creatures vanquished.

Grand Total: 643 creatures vanquished

Notes
Turn   | Place    | Note
-------+----------+-------------------------------------------
     0 | D:1      | Mizzrym the Minotaur Berserker began the quest for the Orb.
     0 | D:1      | Reached XP level 1. HP: 19/19 MP: 0/0
   208 | D:1      | Reached XP level 2. HP: 27/27 MP: 1/1
   215 | D:1      | Reached skill level 4 in Maces & Flails
   269 | D:1      | Found a faded altar of an unknown god.
   483 | D:1      | Reached XP level 3. HP: 6/34 MP: 2/2
  1293 | D:2      | Reached ** piety under Trog
  1389 | D:2      | Noticed Terence
  1396 | D:2      | Killed Terence
  1397 | D:2      | Reached skill level 5 in Fighting
  1397 | D:2      | Reached skill level 5 in Maces & Flails
  1397 | D:2      | Reached XP level 4. HP: 42/42 MP: 3/3
  2068 | D:3      | Noticed Conn's ghost (amateur OpFE)
  2068 | D:3      | Noticed an ogre
  2069 | D:3      | Found a transporter.
  2209 | D:3      | Noticed an ogre
  2325 | D:3      | Found a transporter.
  2714 | D:3      | Killed an ogre
  2715 | D:3      | Reached XP level 5. HP: 48/48 MP: 4/4
  2717 | D:3      | Killed an ogre
  2718 | D:3      | Reached skill level 6 in Maces & Flails
  2718 | D:3      | Reached XP level 6. HP: 24/56 MP: 5/5
  2724 | D:3      | Killed Conn's ghost
  3006 | D:4      | Noticed a water moccasin
  3016 | D:4      | Killed a water moccasin
  3017 | D:4      | Reached skill level 7 in Maces & Flails
  3017 | D:4      | Reached skill level 1 in Stealth
  3017 | D:4      | Reached XP level 7. HP: 57/62 MP: 6/6
  3088 | D:4      | Reached skill level 5 in Armour
  3356 | D:4      | Reached *** piety under Trog
  3636 | D:5      | Entered Level 5 of the Dungeon
  3643 | D:5      | Reached skill level 8 in Maces & Flails
  3684 | D:5      | Reached XP level 8. HP: 68/71 MP: 7/7
  3740 | D:5      | Reached skill level 9 in Maces & Flails
  3865 | D:5      | Found a shimmering altar of Xom.
  3889 | D:5      | Found a stormy altar of Qazlal.
  4026 | D:5      | Found a staircase to the Ecumenical Temple.
  4445 | D:6      | Reached skill level 10 in Maces & Flails
  4554 | D:6      | Noticed Eustachio
  4566 | D:6      | Killed Eustachio
  4745 | D:6      | Identified the +4 chain mail of the Little Devil {Dex+7}
  4892 | D:6      | Found a bloodstained altar of Trog.
  4905 | D:6      | Reached XP level 9. HP: 78/78 MP: 8/8
  4907 | D:6      | Noticed Menkaure
  4924 | D:6      | Killed Menkaure
  5042 | D:6      | Reached **** piety under Trog
  5129 | D:6      | Noticed Grinder
  5131 | D:6      | Paralysed by Grinder for 5 turns
  5143 | D:6      | Killed Grinder
  5193 | D:6      | Reached skill level 11 in Maces & Flails
  5836 | D:7      | Found a transporter.
  5836 | D:7      | Noticed Gargoyl's ghost (novice GnAK)
  5836 | D:7      | Noticed a boulder beetle
  5850 | D:7      | Found a transporter.
  5868 | D:7      | Noticed a cyclops
  5874 | D:7      | Killed a cyclops
  5881 | D:7      | Reached skill level 12 in Maces & Flails
  5881 | D:7      | Reached XP level 10. HP: 50/91 MP: 9/9
  5922 | D:7      | Identified the +8 rapier of Kaxkyfuofi {vorpal, Int+3}
  6193 | D:8      | Noticed Prince Ribbit
  6201 | D:8      | Killed Prince Ribbit
  6221 | D:8      | Reached ***** piety under Trog
  6264 | D:8      | Found a runed translucent gate.
  6265 | D:8      | Found a runed translucent gate.
  6265 | D:8      | Found a runed translucent gate.
  6266 | D:8      | Noticed feta's ghost (novice GrEE)
  6267 | D:8      | Noticed Vbesf's ghost (novice GnWn)
  6609 | D:8      | Reached skill level 10 in Fighting
  6962 | D:8      | Killed feta's ghost
  6963 | D:8      | Reached skill level 13 in Maces & Flails
  6970 | D:8      | Killed Vbesf's ghost
  6971 | D:8      | Reached skill level 10 in Armour
  7350 | D:9      | Noticed Grum
  7371 | D:9      | Killed Grum
  7384 | D:9      | Found a blossoming altar of Fedhas.
  7497 | D:9      | Found a staircase to the Orcish Mines.
  7499 | D:9      | Found Kemewai's Weapon Shop.
  7610 | D:9      | Reached XP level 11. HP: 97/101 MP: 10/10
  7640 | D:9      | Noticed a tengu warrior
  7640 | D:9      | Noticed a two-headed ogre
  7648 | D:9      | Killed a tengu warrior
  7649 | D:9      | Reached skill level 14 in Maces & Flails
  7657 | D:9      | Killed a two-headed ogre
  7664 | D:9      | Noticed an eight-headed hydra
  7666 | D:9      | Noticed a white ugly thing
  7666 | D:9      | Noticed a centaur warrior
  7667 | D:9      | Noticed a fire crab
  7747 | D:9      | Killed a ten-headed hydra
  7781 | D:9      | Killed a centaur warrior
  7824 | D:9      | Noticed Maurice
  7833 | D:9      | Killed Maurice
  7891 | D:9      | Noticed Maggie
  7896 | D:9      | Killed Maggie
  7949 | D:9      | Killed a white ugly thing
  8032 | D:9      | Noticed a seven-headed hydra
  8037 | D:9      | Killed a seven-headed hydra
  8039 | D:9      | Reached skill level 15 in Maces & Flails
  8422 | Orc:1    | Entered Level 1 of the Orcish Mines
  8444 | Orc:1    | Received a gift from Trog
  8624 | Orc:2    | Entered Level 2 of the Orcish Mines
  8790 | Orc:2    | Noticed an orc high priest
  8797 | Orc:2    | Noticed an orc knight
  8817 | Orc:2    | Killed an orc high priest
  8818 | Orc:2    | Reached XP level 12. HP: 38/113 MP: 11/11
  8833 | Orc:1    | Noticed an orc high priest
  8883 | Orc:2    | Killed an orc high priest
  8906 | Orc:2    | Found a runed translucent gate.
  8906 | Orc:2    | Found a runed translucent gate.
  8906 | Orc:2    | Found a runed translucent gate.
  9180 | Orc:2    | Noticed an orc high priest
  9252 | Orc:2    | Killed an orc high priest
  9253 | Orc:2    | Reached skill level 16 in Maces & Flails
  9255 | Orc:2    | Found an opulent altar of Gozag.
  9288 | Orc:2    | Noticed an orc high priest
  9307 | Orc:2    | Killed an orc high priest
  9322 | Orc:2    | Noticed an orc high priest
  9347 | Orc:2    | Killed an orc high priest
  9396 | Orc:2    | Noticed an orc high priest
  9425 | Orc:2    | Killed an orc high priest
  9524 | Orc:2    | Found Porahaq's Antique Armour Shoppe.
  9524 | Orc:2    | Found Nytodd's Book Shoppe.
  9525 | Orc:2    | Found Louclitami's Antique Armour Shoppe.
  9525 | Orc:2    | Found Zudecin's Magic Scroll Emporium.
  9592 | Orc:2    | Noticed feta's ghost (journeyman DDNe)
  9593 | Orc:2    | Noticed an ettin
  9620 | Orc:2    | Found a staircase to the Elven Halls.
  9624 | Orc:2    | Noticed an orc warlord
  9655 | Orc:2    | Killed an orc warlord
 10380 | Orc:1    | Reached XP level 13. HP: 125/125 MP: 12/12
 10836 | D:10     | Entered Level 10 of the Dungeon
 10857 | D:10     | Received a gift from Trog
 11080 | D:10     | Found a flagged portal.
 11238 | D:10     | Found the +18 shield of the Gong {rElec rN+ Will+ EV-5}
 11922 | D:11     | Reached skill level 1 in Shields
 11952 | D:11     | Reached skill level 15 in Fighting
 12108 | D:11     | Found a staircase to the Lair.
 12216 | D:11     | Noticed Nergalle
 12228 | D:11     | Killed Nergalle
 12229 | D:11     | Reached skill level 5 in Shields
 12822 | Lair:1   | Entered Level 1 of the Lair of Beasts
 13106 | Lair:1   | Identified the +1 ring mail "Iretocy" {-Cast Harm +Inv
                  | Str+3 Dex+3}
 13497 | Lair:1   | Reached skill level 10 in Shields
 13993 | Lair:2   | Reached XP level 14. HP: 72/135 MP: 13/13
 14372 | Lair:2   | Found a staircase to the Swamp.
 14564 | Lair:3   | Received a gift from Trog
 15144 | Lair:3   | Found a staircase to the Snake Pit.
 15550 | Swamp:1  | Entered Level 1 of the Swamp
 15849 | Swamp:1  | HP: 5/202 [bog body/bolt of cold (36)]
 15855 | Swamp:1  | Killed from afar by a bog body

Illustrated notes

Levels and vault maps discovered:
D:1:      kilobyte_arrival_exit_the_forest, layout_rooms,
          hellmonk_ecumenical_altar_leap_of_faith, minmay_indecisive_spiral
D:2:      layout_basic, uniq_terence
D:3:      minmay_evil_eye, layout_loops_ring, gammafunk_ghost_smash,
          nrook_loot_triangle, dk_noncrumbling_3, minmay_diced_spiral
D:4:      layout_cave_pools, fountainhead, chequers_decorated_corner,
          chequers_serial_rivers_micro_e
D:5:      layout_basic, mainiacjoe_overflow_large_starburst,
          minmay_temple_entry_glass, serial_rivers,
          chequers_serial_rivers_small_3, chequers_serial_rivers_micro_e,
          chequers_serial_rivers_micro_a, chequers_serial_rivers_large_a,
          chequers_serial_rivers_room_a, chequers_serial_rivers_micro_e
D:6:      layout_basic, bloody_trog, uniq_menkaure, uniq_grinder, uniq_eustachio
D:7:      layout_loops_ring, gammafunk_ghost_arena, lightli_orcish_oven
D:8:      layout_loops_ring, gammafunk_ghost_cemetery,
          hangedman_abyss_or_decor_stagger, uniq_prince_ribbit1
D:9:      hangedman_cross_veins, layout_gridville, fedhas_altar_1, orc_david_3,
          uniq_maggie, uniq_maurice, uniq_grum
D:10:     layout_irregular_city, enter_bailey_8, grunt_decor_one_mirror,
          hellmonk_guarded_unrand_gong
D:11:     layout_basic, lair_entry_dummy, minmay_joined_circles, uniq_nergalle
Lair:1:   layout_chaotic_city, nicolae_quartered_pool_little,
          serial_bayou_pond_c, beast_lair_carwin_8
Lair:2:   layout_gridlike, minmay_swamp_entry_reptiles, minmay_holes,
          grunt_megastairs_2
Lair:3:   minmay_guarded_unrand_snakebite, layout_chaotic_city,
          dummy_snake_entry, serial_bayou, serial_bayou_shore_b,
          serial_bayou_shore_a, serial_bayou_lagoon_a, serial_bayou_shore_b,
          serial_bayou_lagoon_b, st_stairs_11
Swamp:1:  layout_basic_swamp, nicolae_swamp_round_clearing
Orc:1:    layout_caves, basic_altar
Orc:2:    st_orc_pillars, layout_diamond_mine, ebering_ghost_gozag

Skill      XL: |  1  2  3  4  5  6  7  8  9 10 11 12 13 14 |
---------------+-------------------------------------------+-----
Fighting       | 4 5 6 7 9 10 12 14 15 | 15.1
Maces & Flails | 4 5 6 7 8 10 12 13 15 16 | 16.9
Armour         | 3 4 5 7 9 10 11 13 | 13.9
Stealth        | 1 2 |  2.0
Shields        | 10 14 | 14.1
Dodging        | |  2.1

Action                   |  1- 3 |  4- 6 |  7- 9 | 10-12 | 13-15 || total
-------------------------+-------+-------+-------+-------+-------++-------
Melee: Mace              |    60 |    41 |       |       |       ||   101
       Headbutt          |     8 |     9 |    39 |   122 |   131 ||   309
       Dire flail        |       |    11 |   212 |   520 |    37 ||   780
       Flail             |       |       |       |       |   479 ||   479
Invok: Berserk           |     1 |     2 |     6 |    19 |     9 ||    37
       Brothers in Arms  |       |       |       |     6 |     3 ||     9
       Trog's Hand       |       |       |       |     4 |     2 ||     6
  Use: Scroll            |       |       |       |    14 |     2 ||    16
       Potion            |       |       |       |     4 |     3 ||     7
 Stab: Distracted        |       |       |       |       |     1 ||     1
Armor: Animal skin       |    15 |       |       |       |       ||    15
       Scale mail        |       |    24 |    43 |       |    77 ||   144
       Chain mail        |       |       |    47 |   309 |    90 ||   446
Dodge: Dodged            |    57 |    23 |    85 |   177 |    47 ||   389
Block: Kite shield       |       |       |       |       |   535 ||   535

Table legend: (Time is in decaauts)
 A = Elapsed time spent in this place.
 B = Non-inter-level travel time spent in this place.
 C = Inter-level travel time spent in this place.
 D = Time resting spent in this place.
 E = Time spent auto-exploring this place.
 F = Levels seen in this place.
 G = Mean time per level.
                   A        B        C        D        E       F      G
               +--------+--------+--------+--------+--------+-----+--------+
         Total |  15836 |   6137 |   9699 |   1056 |   1269 |  17 |  931.5 |
       Dungeon |  10576 |   3929 |   6647 |    700 |   1097 |  11 |  961.5 |
          Lair |   2683 |    892 |   1791 |     61 |    172 |   3 |  894.3 |
         Swamp |    284 |    229 |     55 |     38 |      0 |   1 |  284.0 |
  Orcish Mines |   2291 |   1086 |   1205 |    257 |      0 |   2 | 1145.5 |
               +--------+--------+--------+--------+--------+-----+--------+

Top non-repeatable levels by time:
   Orc:2: 1727 daAuts
     D:9: 1499 daAuts
     D:3: 1178 daAuts
     D:6: 1111 daAuts
     D:1: 1085 daAuts
    D:10: 1057 daAuts
    D:11: 944 daAuts
  Lair:3: 934 daAuts
  Lair:1: 932 daAuts
  Lair:2: 816 daAuts
     D:8: 813 daAuts
     D:2: 760 daAuts
     D:7: 756 daAuts
     D:5: 709 daAuts
     D:4: 659 daAuts
